 Dungeon Crawl Stone Soup version 0.29-a0-362-g5854e031c7 (webtiles) character file.

Game seed: 11174531203741457935

959 Shayle the Sneak (level 8, -1/48 HPs)
             Began as a Tengu Brigand on Apr 29, 2022.
             Was an Initiate of Gozag.
             Slain by a gnoll sergeant
             ... wielding a +1 vampiric spear
              (9 damage)
             ... on level 6 of the Dungeon on Apr 30, 2022.
             The game lasted 00:14:01 (4877 turns).

Shayle the Sneak (Tengu Brigand)                    Turns: 4877, Time: 00:14:01

Health: -1/48      AC:  6    Str: 11    XL:     8   Next: 14%
Magic:  14/14      EV: 14    Int: 13    God:    Gozag
Gold:   169        SH:  0    Dex: 17    Spells: 14/14 levels left

rFire   . . .      SeeInvis .   k - +2 dagger (venom)
rCold   . . .      Faith    .   (no shield)
rNeg    . . .      Spirit   .   v - +0 ring mail
rPois   .          Reflect  .   (helmet restricted)
rElec   .          Harm     .   c - +0 cloak
rCorr   .          Rampage  .   (no gloves)
Will    .....                   (boots unavailable)
Stlth   +++.......              p - amulet of magic regeneration
HPRegen 0.16/turn               (no ring)
MPRegen 0.54/turn               (no ring)

@: gold aura, flying quickly and evasively, quick
A: beak, talons 3, nimble flight
a: Renounce Religion, Potion Petition, Call Merchant, Bribe Branch


You were on level 6 of the Dungeon.
You worshipped Gozag.
Gozag was aware of your devotion.
You visited 2 branches of the dungeon, and saw 7 of its levels.

You collected 239 gold pieces.
You paid 70 gold pieces to Gozag.

Inventory:

Hand Weapons
 a - a +2 dagger
 k - a +2 dagger of venom (weapon)
 y - a +2 hand axe of flaming
 B - a +0 lajatang
Missiles
 A - 3 datura-tipped darts (quivered)
Armour
 b - a +0 robe
 c - a +0 cloak (worn)
 v - a +0 ring mail (worn)
Jewellery
 o - a +6 ring of strength
 p - an amulet of magic regeneration (around neck)
 C - a ring of willpower
 D - a +6 ring of strength
Wands
 r - a wand of polymorph (1)
Scrolls
 f - a scroll of fog {unknown}
 h - a scroll of magic mapping {unknown}
 i - a scroll of summoning
 j - 4 scrolls of teleportation
 s - a scroll of blinking {unknown}
 t - a scroll of immolation {unknown}
 u - a scroll of amnesia {unknown}
 w - a scroll of enchant weapon {unknown}
 E - a scroll of enchant armour {unknown}
Potions
 g - 3 potions of brilliance
 l - 2 potions of attraction
 m - a potion of heal wounds {unknown}
 n - a potion of might {unknown}
 q - 2 potions of berserk rage
 x - a potion of magic {unknown}
 z - a potion of lignification {unknown}


   Skills:
 + Level 4.9 Fighting
 - Level 2.1 Short Blades
 - Level 2.0 Throwing
 + Level 4.9 Dodging
 + Level 6.4 Stealth
 + Level 3.9 Spellcasting


You had 14 spell levels left.
You didn't know any spells.
Your spell library contained the following spells:

 Spells                   Type           Power      Damage    Failure   Level
 Sting                    Tmut/Pois      8%         1d3       45%         1
 Poisonous Vapours        Pois/Air       4%         N/A       61%         2
 Inner Flame              Hex/Fire       2%         N/A       83%         3
 Cause Fear               Hex            1%         N/A       99%         4
 Olgreb's Toxic Radiance  Pois           2%         N/A       99%         4
 Conjure Ball Lightning   Conj/Air       1%         3x3d6     100%        6
 Discord                  Hex            1%         N/A       100%        8
 Disjunction              Tloc           1%         N/A       100%        8


Dungeon Overview and Level Annotations

Branches:
Dungeon (6/15)             Temple (1/1) D:6

Altars:
Elyvilon
Gozag
Kikubaaqudgha
Makhleb
Nemelex Xobeh
Okawaru
Ru
Uskayaw
Vehumet
Wu Jian
Xom
Yredelemnul
The Shining One

Annotations:
D:3 Grinder
D:4 exclusion: statue


Innate Abilities, Weirdness & Mutations

You have a beak for a mouth.
You have claws for feet.
Your magical nature lets you fly swiftly and evasively.


Message History

Throw: dart (poison)
Press: ? - help, Q - select action, (/) - cycle Shift-Dir - straight line, f/p - gnoll sergeant
Aim: a gnoll sergeant, wielding a +1 vampiric spear and wearing a +0 scale mail (lightly wounded, poisoned, 70% to hit)
You throw a poisoned dart.
The poisoned dart hits the gnoll sergeant.
The gnoll sergeant looks even sicker.
The gnoll sergeant is lightly wounded.
Throw: 4 darts (datura)
Press: ? - help, Q - select action, (/) - cycle Shift-Dir - straight line, f/p - gnoll sergeant
Aim: a gnoll sergeant, wielding a +1 vampiric spear and wearing a +0 scale mail (lightly wounded, very poisoned, 70% to hit, chance to frenzy on hit: 78%)
You throw a datura-tipped dart.
The datura-tipped dart hits the gnoll sergeant.
The gnoll sergeant flies into a frenzy!
The gnoll sergeant is lightly wounded.
The gnoll sergeant hits the gnoll with a +1 vampiric spear!!
The gnoll sergeant is healed.
The gnoll dies!
The gnoll sergeant misses you.
You hit the gnoll sergeant but do no damage.
The gnoll sergeant looks as sick as possible!
You claw the gnoll sergeant.
You peck the gnoll sergeant, but do no damage.
The gnoll sergeant is lightly wounded.
The gnoll sergeant hits you with a +1 vampiric spear!
* * * LOW HITPOINT WARNING * * *
The gnoll sergeant is distracted by your dazzling golden aura.
You hit the gnoll sergeant.
The gnoll sergeant is no longer distracted by gold.
The gnoll sergeant is lightly wounded.
The gnoll sergeant hits you with a +1 vampiric spear.
* * * LOW HITPOINT WARNING * * *
The gnoll sergeant draws strength from your wounds!
Unknown command.
Unknown command.
You hit the gnoll sergeant but do no damage.
Your kick misses the gnoll sergeant. You peck the gnoll sergeant.
The gnoll sergeant is moderately wounded.
The gnoll sergeant hits you with a +1 vampiric spear!
You die...
Your body crumbles into a pile of gold.

.## #...##....#.gg(...#
## #..#..#....#.####.#
######.....#.#..#.# #.#
..(....#..#...##..# #g#
###.#####........## #g#
###.#######..##### #.#
#........#.....# #.#
##.#####...###.######.#
### ###.# #.@g$((..#
#.###.######## #.....#
#######


You could see a neutral gnoll sergeant (fast, strong, insane, extremely
poisoned).

Vanquished Creatures
  Eustachio (D:6)
  An ogre (D:5)
  2 centaurs
  2 bullfrogs (D:6)
  A necrophage (D:6)
  2 scorpions
  A jelly (D:6)
  Ijyb (D:4)
  3 gnolls
  7 adders
  2 white imps
  A worm (D:2)
  2 dart slugs
  8 orcs
  2 bats
  8 endoplasms
  4 giant cockroaches
  6 goblins
  11 hobgoblins
  3 jackals (D:2)
  4 quokkas
  7 ball pythons
  7 frilled lizards
  6 kobolds
  2 rats (D:2)
94 creatures vanquished.

Vanquished Creatures (collateral kills)
  A gnoll (D:6)
  An adder (D:6)
2 creatures vanquished.

Grand Total: 96 creatures vanquished

Notes
Turn   | Place    | Note
-------+----------+-------------------------------------------
     0 | D:1      | Shayle the Tengu Brigand began the quest for the Orb.
     0 | D:1      | Reached XP level 1. HP: 12/12 MP: 2/2
   405 | D:1      | Reached XP level 2. HP: 17/17 MP: 3/3
   749 | D:1      | Reached XP level 3. HP: 22/22 MP: 5/5
   883 | D:2      | Reached skill level 1 in Spellcasting
  1755 | D:2      | Reached XP level 4. HP: 27/27 MP: 6/6
  2083 | D:3      | Found a faded altar of an unknown god.
  2180 | D:3      | Noticed a gnoll sergeant
  2212 | D:3      | Noticed Grinder
  2452 | D:4      | Found a radiant altar of Vehumet.
  2453 | D:4      | Noticed a frost-covered statue
  2503 | D:4      | Noticed Ijyb
  2519 | D:4      | Killed Ijyb
  2520 | D:4      | Gained mutation: Your magical nature lets you fly swiftly
                  | and evasively. [Tengu growth]
  2520 | D:4      | Reached XP level 5. HP: 30/32 MP: 8/8
  2738 | D:4      | Found a hide-covered altar of Uskayaw.
  2865 | D:5      | Entered Level 5 of the Dungeon
  2978 | D:5      | Noticed an ogre
  3030 | D:5      | Killed an ogre
  3031 | D:5      | Reached skill level 5 in Stealth
  3031 | D:5      | Reached XP level 6. HP: 37/37 MP: 10/10
  3265 | D:5      | Found a sparkling altar of Nemelex Xobeh.
  3429 | D:6      | Reached XP level 7. HP: 43/43 MP: 12/12
  3847 | D:6      | Noticed Eustachio
  3863 | D:6      | Killed Eustachio
  3864 | D:6      | Reached skill level 6 in Stealth
  4122 | D:6      | Found a staircase to the Ecumenical Temple.
  4139 | D:6      | Reached XP level 8. HP: 15/48 MP: 14/14
  4144 | Temple   | Entered the Ecumenical Temple
  4453 | Temple   | Became a worshipper of Gozag Ym Sagoz the Greedy
  4877 | D:6      | Slain by a gnoll sergeant

Illustrated notes

Levels and vault maps discovered:
D:1:      dpeg_arrival_solitude, layout_rooms, minmay_stone_trees_small
D:2:      layout_basic, serial_rivers, chequers_serial_rivers_small_a,
          chequers_serial_rivers_room_b, chequers_serial_rivers_micro_a,
          chequers_serial_rivers_micro_b
D:3:      layout_rooms, trog_book, lemuel_coloured_pillars_altar,
          ebering_ecumenical_altar_abandoned, minivault_26,
          minmay_misc_feat_pillars, hangedman_decor_peaks_small, uniq_grinder
D:4:      layout_rooms, vehumet_statue, nicolae_uskayaw_suspiria, uniq_ijyb
D:5:      layout_basic, mainiacjoe_overflow_cross_hatched
D:6:      layout_loops_ring, minmay_temple_entry_mini_moons, uniq_eustachio
Temple:   compressed_dpeg_circular_temple

Skill      XL: |  1  2  3  4  5  6  7 |
---------------+----------------------+-----
Spellcasting   | 1 2 3 |  3.9
Dodging        | 2 3 4 |  4.9
Fighting       | 3 4 |  4.9
Stealth        | 5 6 |  6.4
Short Blades   | |  2.1
Throwing       | |  2.0

Action                   |  1- 3 |  4- 6 |  7- 9 || total
-------------------------+-------+-------+-------++-------
Melee: Dagger            |    92 |    74 |    64 ||   230
       Kick              |    22 |    24 |    20 ||    66
       Peck              |     7 |    12 |     8 ||    27
       Punch             |     1 |       |     2 ||     3
Throw: Dart              |       |    11 |    16 ||    27
  Use: Scroll            |       |       |     5 ||     5
 Stab: Sleeping          |    15 |     2 |     2 ||    19
       Distracted        |     1 |       |       ||     1
Armor: Robe              |    10 |     3 |       ||    13
       Ring mail         |       |     5 |    15 ||    20
Dodge: Dodged            |    40 |    46 |    43 ||   129

Table legend: (Time is in decaauts)
 A = Elapsed time spent in this place.
 B = Non-inter-level travel time spent in this place.
 C = Inter-level travel time spent in this place.
 D = Time resting spent in this place.
 E = Time spent auto-exploring this place.
 F = Levels seen in this place.
 G = Mean time per level.
                   A        B        C        D        E       F      G
               +--------+--------+--------+--------+--------+-----+--------+
         Total |   4707 |   4614 |     93 |    677 |   2766 |   7 |  672.4 |
       Dungeon |   4387 |   4315 |     72 |    677 |   2490 |   6 |  731.2 |
        Temple |    319 |    299 |     20 |      0 |    276 |   1 |  319.0 |
               +--------+--------+--------+--------+--------+-----+--------+

Top non-repeatable levels by time:
     D:2: 1202 daAuts
     D:6: 1043 daAuts
     D:1: 858 daAuts
     D:4: 607 daAuts
     D:5: 511 daAuts
  Temple: 319 daAuts
     D:3: 165 daAuts
